 Dungeon Crawl Stone Soup version 0.22.0-27-ga576289601 (webtiles) character file.

82 GordonOverkill the Skirmisher (level 4, 0/41 HPs)
             Began as a Hill Orc Enchanter on Aug 21, 2018.
             Slain by a bat (1 damage)
             ... on level 2 of the Dungeon.
             The game lasted 00:06:30 (3271 turns).

GordonOverkill the Skirmisher (Hill Orc Enchanter)  Turns: 3271, Time: 00:06:30

Health: 0/41       AC:  5    Str: 11    XL:     4   Next: 43%
Magic:  6/6        EV: 11    Int: 15    God:
Gold:   56         SH:  0    Dex: 11    Spells: 3/6 levels left

rFire    . . .     SeeInvis .   k - +0 hand axe
rCold    + . .     Gourm    .   (no shield)
rNeg     . . .     Faith    .   g - +0 leather armour {rC+}
rPois    .         Spirit   .   (no helmet)
rElec    .         Reflect  .   (no cloak)
rCorr    .         Harm     .   (no gloves)
MR       .....                  j - +1 pair of boots
Stlth    ++........             (no amulet)
HPRegen  0.13/turn              (no ring)
MPRegen  0.10/turn              (no ring)

@: flying
A: no striking features
a: no special abilities


You were on level 2 of the Dungeon.
You were hungry.

You visited 1 branch of the dungeon, and saw 2 of its levels.

You collected 56 gold pieces.

Inventory:

Hand Weapons
 k - a +0 hand axe (weapon)
Armour
 g - a +0 leather armour of cold resistance (worn)
 j - a +1 pair of boots (worn)
 o - a +0 ring mail
Scrolls
 e - a scroll of identify
Comestibles
 d - 3 rations


   Skills:
 + Level 4.4 Fighting
   Level 1.0 Short Blades
 + Level 1.4 Axes
 - Level 1.5 Dodging
 - Level 2.4 Stealth
 - Level 1.5 Spellcasting
 - Level 3.0 Hexes


You had 3 spell levels left.
You knew the following spells:

 Your Spells              Type           Power        Failure   Level  Hunger
a - Corona                Hex            ##.....      9%          1    ##.....
b - Ensorcelled Hibernat  Hex/Ice        #.....       26%         2    ###....

Your spell library contained the following spells:

 Spells                   Type           Power        Failure   Level  Hunger
 Confuse                  Hex            ##......     26%         3    ####...
 Tukima's Dance           Hex            ##......     26%         3    ####...
 Dazzling Spray           Conj/Hex       #.....       45%         3    ####...


Dungeon Overview and Level Annotations

Branches:
Dungeon (2/15)

Altars:


Message History

The gnoll is severely wounded.
You hit the gnoll but do no damage. The gnoll hits you with a spear!
* * * LOW HITPOINT WARNING * * *
The gnoll completely misses you. The bat closely misses you.
The gnoll hits you with a spear.
* * * LOW HITPOINT WARNING * * *
You are feeling hungry.
The bat hits you but does no damage.
The gnoll hits you from afar with a spear.
* * * LOW HITPOINT WARNING * * *
The bat hits you.
* * * LOW HITPOINT WARNING * * *
The gnoll hits you from afar with a spear.
* * * LOW HITPOINT WARNING * * *
Okay, then.
The bat misses you.
It was a potion of flight.
You feel very buoyant.
You fly up into the air.
The bat hits you.
You die...

#.#.........................#
#
#.#.#####.##.###.##.#........
s ..#.# #.##.# #.##.#.###.#.#
# ###.# ##.##.# #.##.#.# #.#s#
## #.####...#.###.##.#.# #.#.#
. #...........g.......# #.#.#
#
######...###g#......###.#.####
##.####b#........KK..w..$
#.##...@......###.#.###.
#.##..........# #.......
#...........### ###.###.
####............ ......
#######......###### ######
........###..# # #######.#
#..# #.# #..# #.# #...


You could see 2 gnolls and a bat.

Vanquished Creatures
  2 adders (D:2)
  A gnoll (D:1)
  An ooze (D:2)
  A worm (D:1)
  2 dart slugs (D:1)
  A leopard gecko (D:2)
  9 bats
  2 giant cockroaches
  5 goblins
  3 hobgoblins (D:1)
  4 frilled lizards
  6 kobolds
  6 rats
43 creatures vanquished.

Notes
Turn   | Place    | Note
-------+----------+-------------------------------------------
     0 | D:1      | GordonOverkill the Hill Orc Enchanter began the quest for the Orb.
     0 | D:1      | Reached XP level 1. HP: 14/14 MP: 3/3
   105 | D:1      | Reached skill level 1 in Fighting
   482 | D:1      | Reached skill level 2 in Fighting
   482 | D:1      | Reached XP level 2. HP: 8/24 MP: 1/4
   679 | D:1      | Learned a level 2 spell: Ensorcelled Hibernation
  1220 | D:2      | Reached skill level 3 in Fighting
  1292 | D:2      | Reached XP level 3. HP: 27/31 MP: 5/5
  2475 | D:2      | Reached skill level 4 in Fighting
  2797 | D:2      | Reached XP level 4. HP: 35/40 MP: 6/6
  2905 | D:2      | Reached skill level 1 in Axes
  3269 | D:2      | HP: 1/41 [gnoll/spear (4)]
  3271 | D:2      | Slain by a bat

Skill      XL: |  1  2  3  4 |
---------------+-------------+-----
Fighting       | 2 3 4 |  4.4
Axes           | 1 |  1.4
Short Blades   | |  1.0
Dodging        | |  1.5
Stealth        | |  2.4
Spellcasting   | |  1.5
Hexes          | |  3.0

Action                   |  1- 3 |  4- 6 || total
-------------------------+-------+-------++-------
Melee: Dagger            |   112 |       ||   112
       Hand axe          |    53 |    34 ||    87
Throw: Javelin           |     2 |     2 ||     4
 Cast: Corona            |     3 |       ||     3
       Ensorcelled Hiber |    24 |     2 ||    26
  Use: Scroll            |     4 |       ||     4
       Potion            |     3 |     1 ||     4
 Stab: Sleeping          |    13 |       ||    13
  Eat: Chunk             |     9 |     1 ||    10
Armor: Robe              |    12 |       ||    12
       Leather armour    |   118 |    22 ||   140
Dodge: Dodged            |   187 |    39 ||   226
